 Dungeon Crawl Stone Soup version 0.29.1-2-gbd0b4ee654 (webtiles) character file.

Game seed: 8659704362815594803

49 DildoBatman the Conjurer (level 4, -3/30 HPs)
             Began as a Formicid Conjurer on Nov 22, 2022.
             Slain by an iguana (10 damage)
             ... on level 4 of the Dungeon.
             The game lasted 00:02:25 (1512 turns).

DildoBatman the Conjurer (Formicid Conjurer)        Turns: 1512, Time: 00:02:26

Health: -3/30      AC:  2    Str: 12    XL:     4   Next: 1%
Magic:  2/7        EV: 12    Int: 19    God:
Gold:   93         SH:  0    Dex: 12    Spells: 4/7 levels left

rFire   . . .      SeeInvis +   a - +0 quarterstaff
rCold   . . .      Faith    .   (no shield)
rNeg    . . .      Spirit   .   p - +0 robe
rPois   .          Reflect  .   (helmet unavailable)
rElec   .          Harm     .   (no cloak)
rCorr   .          Rampage  .   (no gloves)
Will    .....                   (no boots)
Stlth   ++........              (no amulet)
HPRegen 0.10/turn               (no ring)
MPRegen 0.10/turn               (no ring)

@: no status effects
A: permanent stasis, dig shafts and tunnels, antennae 3, four strong arms
a: Dig, Shaft Self


You were on level 4 of the Dungeon.
You visited 1 branch of the dungeon, and saw 4 of its levels.

You collected 93 gold pieces.

Inventory:

Hand Weapons
 a - a +0 quarterstaff (weapon)
 e - a +0 dagger
Missiles
 c - 13 stones
Armour
 p - a +0 robe (worn)
Scrolls
 i - a scroll of teleportation {unknown}
 j - 2 scrolls of immolation {unknown}
 l - a scroll of noise {unknown}
 n - a scroll of vulnerability {unknown}
 o - a scroll of enchant weapon {unknown}
Potions
 b - a potion of magic
 d - a potion of lignification {unknown}
 f - 2 potions of degeneration {unknown}
 g - 2 potions of haste {unknown}
 h - 2 potions of mutation {unknown}
 k - a potion of resistance {unknown}
 m - 3 potions of curing {unknown}
 q - a potion of heal wounds {unknown}


   Skills:
 - Level 1.7 Dodging
 - Level 2.4 Stealth
 - Level 2.1 Spellcasting
 * Level 4.8 Conjurations


You had 4 spell levels left.
You knew the following spells:

 Your Spells              Type           Power      Damage    Failure   Level
a - Searing Ray           Conj           40%        2d5       3%          2
c - Magic Dart            Conj           80%        1d7       2%          1

Your spell library contained the following spells:

 Spells                   Type           Power      Damage    Failure   Level
 Summon Small Mammal      Summ           8%         N/A       17%         1
 Dazzling Flash           Conj/Hex       22%        N/A       19%         3
 Call Canine Familiar     Summ           2%         N/A       45%         3
 Summon Guardian Golem    Hex/Summ       2%         N/A       45%         3
 Fulminant Prism          Conj/Hex       5%         3d7       52%         4
 Iskenderun's Mystic Bla  Conj/Tloc      11%        2d4       52%         4


Dungeon Overview and Level Annotations

Branches:
Dungeon (4/15)
 Temple: D:4-7

Altars:

Shops:
D:2 [

Annotations:
D:2 Terence


Innate Abilities, Weirdness & Mutations

You cannot be hasted, slowed, berserked, paralysed or teleported.
You can dig through walls and to a lower floor.
You have a pair of large antennae on your head. (SInv)
Your four strong arms can wield two-handed weapons with a shield.


Message History

You shout for attention!
What are your orders? t - Shout!
Orders for allies: a - Attack new target. r - Retreat! s - Stop attacking. g - Guard the area. f - Follow me.
Anything else - Cancel.
You shout for attention!
What are your orders? t - Shout!
Orders for allies: a - Attack new target. r - Retreat! s - Stop attacking. g - Guard the area. f - Follow me.
Anything else - Cancel.
You shout for attention!
What are your orders? t - Shout!
Orders for allies: a - Attack new target. r - Retreat! s - Stop attacking. g - Guard the area. f - Follow me.
Anything else - Cancel.
You shout for attention!
The iguana bites you! What are your orders? t - Shout!
Orders for allies: a - Attack new target. r - Retreat! s - Stop attacking. g - Guard the area. f - Follow me.
Anything else - Cancel.
You shout for attention!
The iguana closely misses you. What are your orders? t - Shout!
Orders for allies: a - Attack new target. r - Retreat! s - Stop attacking. g - Guard the area. f - Follow me.
Anything else - Cancel.
You shout for attention!
The iguana bites you!
You die...

.<......#
.......+
#......#
#......#
#......#
#......+
#......#
#...@..#
#...l..#
#......+
#......#
#......#
#......#
#......#
###+##..


You could see an iguana.

Vanquished Creatures
  2 adders (D:2)
  3 ball pythons
  2 bats (D:2)
  3 endoplasms
  3 giant cockroaches
  3 goblins
  2 hobgoblins
  3 jackals (D:1)
  2 quokkas
  2 rats
25 creatures vanquished.

Notes
Turn   | Place    | Note
-------+----------+-------------------------------------------
     0 | D:1      | DildoBatman the Formicid Conjurer began the quest for the
                  | Orb.
     0 | D:1      | Reached XP level 1. HP: 13/13 MP: 3/3
   326 | D:1      | Reached skill level 4 in Conjurations
   326 | D:1      | Reached XP level 2. HP: 14/19 MP: 0/5
   329 | D:1      | Learned a level 2 spell: Searing Ray
  1176 | D:2      | Noticed Terence
  1208 | D:2      | Reached XP level 3. HP: 24/24 MP: 2/6
  1456 | D:2      | Found Noruav's Armour Shoppe.
  1492 | D:2      | Reached XP level 4. HP: 19/30 MP: 0/7
  1501 | D:3      | You fall into a shaft and drop 1 floor!
  1512 | D:4      | Slain by an iguana

Illustrated notes

Levels and vault maps discovered:
D:1:      dpeg_arrival_snail, layout_basic, minmay_misc_feat_chi
D:2:      layout_basic, serial_shops, shop, chequers_serial_rivers_small_3,
          minmay_between, uniq_terence
D:3:      layout_loops_ring, serial_shops, nicolae_shop_bloodbath_and_beyond,
          shapermc_ecumenical_altar_notcrosses
D:4:      layout_gridville, serial_shops, kennysheep_little_box

Skill      XL: |  1 |
---------------+----+-----
Conjurations   | 4 |  4.8
Dodging        | |  1.7
Stealth        | |  2.4
Spellcasting   | |  2.1

Action                   |  1- 3 |  4- 6 || total
-------------------------+-------+-------++-------
Melee: Dagger            |    12 |       ||    12
       Quarterstaff      |     3 |       ||     3
       Punch             |     1 |       ||     1
 Cast: Magic Dart        |    41 |       ||    41
       Searing Ray       |     2 |       ||     2
 Abil: Shaft Self        |       |     1 ||     1
Armor: Robe              |     4 |       ||     4
Dodge: Dodged            |    19 |     1 ||    20
